| TOP OF THE 1ST |
|
Scranton WB RailRiders batting - Pitching for Pawtucket Red Sox : RHP Danny Klomp
|
|
Pitching: RHP Danny Klomp
|
|
|
Batting: SHB Jay Gagnon
|
0-0: Ball 1-0: Foul Ball, location: 2F 1-1: Called Strike 1-2: Foul Ball, location: 2F 1-2: Foul Ball, location: 2F 1-2: Fly out, F7 (Flyball, 7, EV 92.5 MPH)
|
|
Batting: RHB Devon Utley
|
0-0: Called Strike 0-1: Fly out, F7 (Flyball, 7, EV 95.6 MPH)
|
|
Batting: SHB Victor Ruiz
|
0-0: Swinging Strike 0-1: Ball 1-1: DOUBLE (Groundball, 3L, EV 102.5 MPH)
|
|
Batting: LHB Aaron Joyner
|
0-0: Called Strike 0-1: Ball 1-1: Ball 2-1: Foul Ball, location: 2F 2-2: Ground out 5-3 (Groundball, 6, EV 89.4 MPH)
|
| Top of the 1st over - 0 runs, 1 hit, 0 errors, 1 left on base; Scranton WB 0 - Pawtucket 0 |
| BOTTOM OF THE 1ST |
|
Pawtucket Red Sox batting - Pitching for Scranton WB RailRiders : RHP Eric Aguilar
|
|
Pitching: RHP Eric Aguilar
|
|
|
Batting: RHB Matt Hinkle
|
0-0: Ball 1-0: Swinging Strike 1-1: Ball 2-1: Ball 3-1: Foul Ball, location: 2F 3-2: Foul Ball, location: 2F 3-2: Strikes out looking
|
|
Batting: LHB Tim Fuller
|
0-0: Ball 1-0: Foul Ball, location: 2F 1-1: Fly out, F8 (Flyball, 78M, EV 84.4 MPH)
|
|
Batting: RHB Roberto Morales
|
0-0: Ball 1-0: Called Strike 1-1: Ball 2-1: Swinging Strike 2-2: Ball 3-2: Base on Balls
|
|
Batting: LHB David Moore
|
0-0: Called Strike 0-1: Swinging Strike 0-2: Foul Ball, location: 2F 0-2: Ball 1-2: Strikes out swinging
|
| Bottom of the 1st over - 0 runs, 0 hits, 0 errors, 1 left on base; Scranton WB 0 - Pawtucket 0 |
| TOP OF THE 2ND |
|
Scranton WB RailRiders batting - Pitching for Pawtucket Red Sox : RHP Danny Klomp
|
|
Batting: RHB Mike Gifford
|
0-0: Ball 1-0: Swinging Strike 1-1: Foul Ball, location: 2F 1-2: Strikes out swinging
|
|
Batting: SHB Joe Fure
|
0-0: Called Strike 0-1: Ball 1-1: Called Strike 1-2: Strikes out swinging
|
|
Batting: RHB Josh Zoglmann
|
0-0: Ball 1-0: Foul Ball, location: 2F 1-1: Ball 2-1: Swinging Strike 2-2: Strikes out swinging
|
| Top of the 2nd over - 0 runs, 0 hits, 0 errors, 0 left on base; Scranton WB 0 - Pawtucket 0 |
| BOTTOM OF THE 2ND |
|
Pawtucket Red Sox batting - Pitching for Scranton WB RailRiders : RHP Eric Aguilar
|
|
Batting: RHB Tony Nunez
|
0-0: Swinging Strike 0-1: Ball 1-1: Swinging Strike 1-2: Foul Ball, location: 2F 1-2: Ball 2-2: Fly out, F8 (Flyball, 8RM, EV 94.4 MPH)
|
|
Batting: RHB Rodolfo Contreras
|
0-0: SINGLE (Line Drive, 56, EV 103.8 MPH)
|
|
Batting: LHB Frank Olivo
|
0-0: Foul Ball, location: 2F 0-1: Called Strike 0-2: Ball 1-2: Ball 2-2: Strikes out looking
|
|
Batting: RHB Brandon Perris
|
0-0: Called Strike 0-1: Ball 1-1: Called Strike 1-2: Foul Ball, location: 2F 1-2: Foul Ball, location: 2F 1-2: Foul Ball, location: 2F 1-2: Fly out, F8 (Flyball, 8RM, EV 93.8 MPH)
|
| Bottom of the 2nd over - 0 runs, 1 hit, 0 errors, 1 left on base; Scranton WB 0 - Pawtucket 0 |
| TOP OF THE 3RD |
|
Scranton WB RailRiders batting - Pitching for Pawtucket Red Sox : RHP Danny Klomp
|
|
Batting: SHB Jose Vargas
|
0-0: Called Strike 0-1: Called Strike 0-2: Ball 1-2: Foul Ball, location: 2F 1-2: Strikes out swinging
|
|
Batting: RHB Mike Plugge
|
0-0: Ball 1-0: Foul Ball, location: 2F 1-1: Called Strike 1-2: Ball 2-2: Strikes out swinging
|
|
Batting: SHB Jay Gagnon
|
0-0: Called Strike 0-1: Ball 1-1: Called Strike 1-2: Strikes out swinging
|
| Top of the 3rd over - 0 runs, 0 hits, 0 errors, 0 left on base; Scranton WB 0 - Pawtucket 0 |
| BOTTOM OF THE 3RD |
|
Pawtucket Red Sox batting - Pitching for Scranton WB RailRiders : RHP Eric Aguilar
|
|
Batting: RHB Joe Evrard
|
0-0: Ball 1-0: Ball 2-0: SINGLE (Line Drive, 4MD, EV 105.0 MPH)
|
|
Batting: RHB Matt Hinkle
|
0-0: Fly out, F7 (Flyball, 78M, EV 86.9 MPH)
|
|
Batting: LHB Tim Fuller
|
0-0: Ball 1-0: Swinging Strike 1-1: Ball 2-1: Foul Ball, location: 2F 2-2: Ground out 4-3 (Groundball, 34, EV 96.2 MPH) Joe Evrard to second
|
|
Batting: RHB Roberto Morales
|
0-0: Ball 1-0: Ball 2-0: Ground out 5-3 (Groundball, 5S, EV 95.0 MPH)
|
| Bottom of the 3rd over - 0 runs, 1 hit, 0 errors, 1 left on base; Scranton WB 0 - Pawtucket 0 |
| TOP OF THE 4TH |
|
Scranton WB RailRiders batting - Pitching for Pawtucket Red Sox : RHP Danny Klomp
|
|
Batting: RHB Devon Utley
|
0-0: Called Strike 0-1: Ball 1-1: Foul Ball, location: 2F 1-2: Foul Ball, location: 2F 1-2: Ball 2-2: Ball 3-2: Foul Ball, location: 2F 3-2: Foul Ball, location: 2F 3-2: Strikes out looking
|
|
Batting: SHB Victor Ruiz
|
0-0: Swinging Strike 0-1: Called Strike 0-2: Strikes out swinging
|
|
Batting: LHB Aaron Joyner
|
0-0: Ground out 5-3 (Groundball, 56S, EV 73.8 MPH)
|
| Top of the 4th over - 0 runs, 0 hits, 0 errors, 0 left on base; Scranton WB 0 - Pawtucket 0 |
| BOTTOM OF THE 4TH |
|
Pawtucket Red Sox batting - Pitching for Scranton WB RailRiders : RHP Eric Aguilar
|
|
Batting: LHB David Moore
|
0-0: Ball 1-0: Called Strike 1-1: Fly out, F6 (Line Drive, 6D, EV 72.5 MPH)
|
|
Batting: RHB Tony Nunez
|
0-0: Ball 1-0: Swinging Strike 1-1: Ball 2-1: Foul Ball, location: 2F 2-2: Strikes out swinging
|
|
Batting: RHB Rodolfo Contreras
|
0-0: Ground out 4-3 (Groundball, 4, EV 96.9 MPH)
|
| Bottom of the 4th over - 0 runs, 0 hits, 0 errors, 0 left on base; Scranton WB 0 - Pawtucket 0 |
| TOP OF THE 5TH |
|
Scranton WB RailRiders batting - Pitching for Pawtucket Red Sox : RHP Danny Klomp
|
|
Batting: RHB Mike Gifford
|
0-0: Called Strike 0-1: Ball 1-1: Ball 2-1: Ball 3-1: Base on Balls
|
|
Batting: SHB Joe Fure
|
0-0: Ball 1-0: Ball 2-0: Fielders Choice at 2nd, 6-4 (Groundball, 6M, EV 101.2 MPH)
|
|
Batting: RHB Josh Zoglmann
|
0-0: Ball 1-0: Called Strike Pickoff Throw by Catcher to First - Out! 1-1: Foul Ball, location: 2F 1-2: Ball 2-2: Fly out, F9 (Flyball, 9S, EV 83.1 MPH)
|
| Top of the 5th over - 0 runs, 0 hits, 0 errors, 0 left on base; Scranton WB 0 - Pawtucket 0 |
| BOTTOM OF THE 5TH |
|
Pawtucket Red Sox batting - Pitching for Scranton WB RailRiders : RHP Eric Aguilar
|
|
Batting: LHB Frank Olivo
|
0-0: Ball 1-0: Ball 2-0: Ball 3-0: Called Strike 3-1: Base on Balls
|
|
Batting: RHB Brandon Perris
|
0-0: Called Strike 0-1: Ball 1-1: Ground out 5-3 (Groundball, 56S, EV 75.0 MPH) Frank Olivo to second
|
|
Batting: RHB Joe Evrard
|
0-0: Ball 1-0: Ball 2-0: Swinging Strike 2-1: Ground out 4-3 (Groundball, 4M, EV 81.2 MPH) Frank Olivo to third
|
|
Batting: RHB Matt Hinkle
|
0-0: Ball 1-0: Ground out 5-3 (Groundball, 5, EV 103.8 MPH)
|
| Bottom of the 5th over - 0 runs, 0 hits, 0 errors, 1 left on base; Scranton WB 0 - Pawtucket 0 |
| TOP OF THE 6TH |
|
Scranton WB RailRiders batting - Pitching for Pawtucket Red Sox : RHP Danny Klomp
|
|
Batting: SHB Jose Vargas
|
0-0: Foul Ball, location: 2F 0-1: Ball 1-1: Ball 2-1: Ball 3-1: Foul Ball, location: 2F 3-2: DOUBLE (Line Drive, 89D, EV 104.4 MPH)
|
|
Batting: RHB Mike Plugge
|
0-0: Called Strike 0-1: Called Strike 0-2: Ball 1-2: Ball 2-2: Fly out, F7 (Flyball, 7D, EV 91.2 MPH) Runner from 2nd tags up, SAFE at 3rd, no throw by LF
|
|
Batting: SHB Jay Gagnon
|
0-0: Called Strike 0-1: Ball 1-1: Foul Ball, location: 2F 1-2: DOUBLE (Flyball, 5D, EV 99.4 MPH) Jose Vargas scores
|
|
Batting: RHB Devon Utley
|
0-0: SINGLE (Line Drive, 89M, EV 98.8 MPH) Jay Gagnon to third
|
|
Batting: SHB Victor Ruiz
|
0-0: Ball 1-0: Called Strike Devon Utley steals 2nd base (no throw) 1-1: SINGLE (Line Drive, 56, EV 96.2 MPH) Jay Gagnon scores Devon Utley to third
|
|
Batting: LHB Aaron Joyner
|
0-0: Foul Ball, location: 2F 0-1: Ball 1-1: Ball 2-1: Ball 3-1: Base on Balls Victor Ruiz to second
|
|
Batting: RHB Mike Gifford
|
0-0: Ball 1-0: Foul Ball, location: 2F 1-1: Foul Ball, location: 2F 1-2: Ball 2-2: Strikes out swinging
|
|
Pitching: RHP Billy Fitzgerald
|
|
|
Batting: SHB Joe Fure
|
0-0: Called Strike 0-1: Foul Ball, location: 2F 0-2: Ball 1-2: SINGLE (Groundball, 4MD, EV 98.8 MPH) Devon Utley scores Victor Ruiz to third Aaron Joyner to second Runner from 3rd tries for Home, throw by CF and OUT! 8-2
|
| Top of the 6th over - 3 runs, 5 hits, 0 errors, 2 left on base; Scranton WB 3 - Pawtucket 0 |
| BOTTOM OF THE 6TH |
|
Pawtucket Red Sox batting - Pitching for Scranton WB RailRiders : RHP Eric Aguilar
|
|
Batting: LHB Tim Fuller
|
0-0: Called Strike 0-1: Foul Ball, location: 2F 0-2: Ball 1-2: Ball 2-2: Foul Ball, location: 2F 2-2: Foul Ball, location: 2F 2-2: Ball 3-2: SINGLE (Groundball, 56S, EV 68.8 MPH) (infield hit)
|
|
Batting: RHB Roberto Morales
|
0-0: Foul Ball, location: 2F 0-1: Ball 1-1: Ball 2-1: Foul Ball, location: 2F 2-2: Fielders Choice at 2nd, 3-6 (Groundball, 3, EV 82.5 MPH)
|
|
Batting: LHB David Moore
|
0-0: Ball 1-0: Ball 2-0: SINGLE (Groundball, 13, EV 81.2 MPH) (infield hit) Roberto Morales to second
|
|
Batting: RHB Tony Nunez
|
0-0: Ball 1-0: Ball 2-0: Called Strike 2-1: Foul Ball, location: 2F 2-2: Ball 3-2: Base on Balls Roberto Morales to third David Moore to second
|
|
Batting: RHB Rodolfo Contreras
|
0-0: Called Strike 0-1: Swinging Strike 0-2: Fly out, F8 (Line Drive, 8RD, EV 98.1 MPH) Runner from 3rd tags up, SCORES, throw by CF David Moore to third
|
|
Pitching: LHP Jay Turpin
|
|
|
Pinch Hitting: RHB Carlos Nolasco
|
0-0: Called Strike 0-1: Swinging Strike 0-2: Ball 1-2: Strikes out looking
|
| Bottom of the 6th over - 1 run, 2 hits, 0 errors, 2 left on base; Scranton WB 3 - Pawtucket 1 |
| TOP OF THE 7TH |
|
Scranton WB RailRiders batting - Pitching for Pawtucket Red Sox : RHP Billy Fitzgerald
|
|
Now at 2B: Gus Cruz
|
|
|
Now in RF: Matt Hinkle
|
|
|
Batting: RHB Josh Zoglmann
|
0-0: Ball 1-0: Called Strike 1-1: Ball 2-1: Ball 3-1: Base on Balls
|
|
Batting: SHB Jose Vargas
|
0-0: Ball 1-0: Ball 2-0: Foul Ball, location: 2F 2-1: Ball 3-1: Foul Ball, location: 2F 3-2: Ground out 1-3 (Groundball, 15S, EV 69.4 MPH) Josh Zoglmann to second
|
|
Batting: RHB Mike Plugge
|
0-0: Called Strike 0-1: Ball 1-1: Ball 2-1: Ball 3-1: Foul Ball, location: 2F 3-2: SINGLE (Groundball, 6D, EV 94.4 MPH) Josh Zoglmann to third Runner from 3rd tries for Home, SAFE, throw by CF to home
|
|
Batting: SHB Jay Gagnon
|
0-0: Ball 1-0: Ball 2-0: Foul Ball, location: 2F 2-1: Called Strike 2-2: Ball 3-2: Base on Balls Mike Plugge to second
|
|
Batting: RHB Devon Utley
|
0-0: Foul Ball, location: 2F 0-1: SINGLE (Groundball, 4MS, EV 65.0 MPH) (infield hit) Mike Plugge to third Jay Gagnon to second
|
|
Pitching: LHP Eric Del Sordo
|
|
|
Batting: SHB Victor Ruiz
|
0-0: Called Strike 0-1: Foul Ball, location: 2F 0-2: Grounds into double play, 4-2-3 (Groundball, 6, EV 82.5 MPH)
|
| Top of the 7th over - 1 run, 2 hits, 0 errors, 2 left on base; Scranton WB 4 - Pawtucket 1 |
| BOTTOM OF THE 7TH |
|
Pawtucket Red Sox batting - Pitching for Scranton WB RailRiders : LHP Jay Turpin
|
|
Batting: RHB Brandon Perris
|
0-0: Ball 1-0: Ground out 4-3 (Groundball, 4, EV 83.1 MPH)
|
|
Batting: RHB Joe Evrard
|
0-0: Called Strike 0-1: Ball 1-1: Foul Ball, location: 2F 1-2: Foul Ball, location: 2F 1-2: Fly out, F7 (Flyball, 78S, EV 88.8 MPH)
|
|
Batting: RHB Matt Hinkle
|
0-0: Swinging Strike 0-1: Ball 1-1: Ball 2-1: Swinging Strike 2-2: Foul Ball, location: 2F 2-2: Foul Ball, location: 2F 2-2: Foul Ball, location: 2F 2-2: Ball 3-2: Base on Balls
|
|
Batting: LHB Tim Fuller
|
0-0: Ball 1-0: Called Strike 1-1: Foul Ball, location: 2F 1-2: Ball 2-2: Strikes out swinging
|
| Bottom of the 7th over - 0 runs, 0 hits, 0 errors, 1 left on base; Scranton WB 4 - Pawtucket 1 |
| TOP OF THE 8TH |
|
Scranton WB RailRiders batting - Pitching for Pawtucket Red Sox : LHP Eric Del Sordo
|
|
Batting: LHB Aaron Joyner
|
0-0: Called Strike 0-1: Swinging Strike 0-2: Ball 1-2: Strikes out swinging
|
|
Batting: RHB Mike Gifford
|
0-0: Foul Ball, location: 2F 0-1: Called Strike 0-2: Ball 1-2: Ball 2-2: Foul Ball, location: 2F 2-2: Ball 3-2: Strikes out swinging
|
|
Batting: SHB Joe Fure
|
0-0: Called Strike 0-1: Ball 1-1: Ground out 6-3 (Groundball, 6, EV 80.0 MPH)
|
| Top of the 8th over - 0 runs, 0 hits, 0 errors, 0 left on base; Scranton WB 4 - Pawtucket 1 |
| BOTTOM OF THE 8TH |
|
Pawtucket Red Sox batting - Pitching for Scranton WB RailRiders : LHP Jay Turpin
|
|
Pitching: RHP Soh Kawashima
|
|
|
Batting: RHB Roberto Morales
|
0-0: Ball 1-0: Called Strike 1-1: Swinging Strike 1-2: Foul Ball, location: 2F 1-2: SINGLE (Groundball, 56D, EV 105.0 MPH)
|
|
Batting: LHB David Moore
|
0-0: Ball 1-0: Ball 2-0: Called Strike 2-1: Foul Ball, location: 2F 2-2: Foul Ball, location: 2F 2-2: Strikes out looking
|
|
Pinch Hitting: SHB Marvin Lawrence
|
0-0: Called Strike 0-1: Swinging Strike 0-2: 2-RUN HOME RUN (Flyball, 9D, EV 96.9 MPH), Distance : 383 ft
|
|
Pinch Hitting: LHB Zack Guillen
|
0-0: Called Strike 0-1: Ball 1-1: Ball 2-1: Ball 3-1: Base on Balls
|
|
Batting: SHB Gus Cruz
|
0-0: Ball 1-0: Swinging Strike 1-1: Called Strike 1-2: Strikes out swinging
|
|
Pinch Hitting: SHB Ben Ervin
|
0-0: Ball 1-0: Ball 2-0: Called Strike 2-1: Swinging Strike 2-2: Foul Ball, location: 2F 2-2: Ball 3-2: Fly out, F9 (Flyball, 89M, EV 96.9 MPH)
|
| Bottom of the 8th over - 2 runs, 2 hits, 0 errors, 1 left on base; Scranton WB 4 - Pawtucket 3 |
| TOP OF THE 9TH |
|
Scranton WB RailRiders batting - Pitching for Pawtucket Red Sox : LHP Eric Del Sordo
|
|
Now at SS: Ted Emmerich
|
|
|
Now in LF: Ben Ervin
|
|
|
Now in CF: Matt Hinkle
|
|
|
Now in RF: Marvin Lawrence
|
|
|
Batting: RHB Josh Zoglmann
|
0-0: Fly out, F9 (Flyball, 89S, EV 93.1 MPH)
|
|
Batting: SHB Jose Vargas
|
0-0: Fly out, F6 (Popup, 6MD, EV 53.1 MPH)
|
|
Batting: RHB Mike Plugge
|
0-0: Called Strike 0-1: Foul Ball, location: 2F 0-2: Ball 1-2: Ground out 5-3 (Groundball, 5S, EV 64.4 MPH)
|
| Top of the 9th over - 0 runs, 0 hits, 0 errors, 0 left on base; Scranton WB 4 - Pawtucket 3 |
| BOTTOM OF THE 9TH |
|
Pawtucket Red Sox batting - Pitching for Scranton WB RailRiders : RHP Soh Kawashima
|
|
Pitching: RHP Ricky Mercer
|
|
|
Now at 1B: Ryan Buchbinder
|
|
|
Batting: RHB Joe Evrard
|
0-0: Called Strike 0-1: Ball 1-1: Foul Ball, location: 2F 1-2: Strikes out looking
|
|
Batting: RHB Matt Hinkle
|
0-0: Ball 1-0: SINGLE (Groundball, 56D, EV 105.6 MPH)
|
|
Batting: LHB Tim Fuller
|
0-0: Called Strike 0-1: Ball Wild Pitch! Matt Hinkle to second 1-1: Ball 2-1: Foul Ball, location: 2F 2-2: Ball 3-2: SINGLE (Flyball, 89S, EV 88.8 MPH) Matt Hinkle to third Runner from 3rd tries for Home, SAFE, throw by RF to home Tim Fuller to second
|
|
Batting: RHB Roberto Morales
|
0-0: Ball 1-0: Ball 2-0: Ball 3-0: Called Strike 3-1: Base on Balls
|
|
Batting: LHB David Moore
|
0-0: Called Strike 0-1: Foul Ball, location: 2F 0-2: Strikes out swinging
|
|
Batting: SHB Marvin Lawrence
|
0-0: Ball 1-0: Swinging Strike 1-1: Ball Wild Pitch! Tim Fuller to third Roberto Morales to second 2-1: Intentional Walk
|
|
Batting: RHB Ted Emmerich
|
0-0: Ground out 4-3 (Groundball, 4, EV 81.2 MPH)
|
| Bottom of the 9th over - 1 run, 2 hits, 0 errors, 3 left on base; Scranton WB 4 - Pawtucket 4 |
| TOP OF THE 10TH |
|
Scranton WB RailRiders batting - Pitching for Pawtucket Red Sox : LHP Eric Del Sordo
|
|
Pitching: RHP Jim Whiteman
|
|
|
Batting: SHB Jay Gagnon
|
0-0: Ball 1-0: Ball 2-0: Called Strike 2-1: SINGLE (Groundball, 6S, EV 60.0 MPH) (infield hit)
|
|
Batting: SHB Ryan Buchbinder
|
0-0: Bunted foul 0-1: Bunted foul 0-2: Ball 1-2: Single, Error in OF, E8, batter to second base (Groundball, 4D, EV 95.6 MPH) Jay Gagnon to third
|
|
Batting: SHB Victor Ruiz
|
0-0: Ball 1-0: Ball 2-0: Ball 3-0: Called Strike 3-1: Fly out, F8 (Flyball, 8LD, EV 99.4 MPH) Runner from 3rd tags up, SCORES, throw by CF
|
|
Batting: LHB Aaron Joyner
|
0-0: Intentional Walk
|
|
Batting: RHB Mike Gifford
|
0-0: Ball 1-0: Swinging Strike 1-1: Grounds into double play, 6-4-3 (Groundball, 6, EV 95.0 MPH)
|
| Top of the 10th over - 1 run, 2 hits, 1 error, 1 left on base; Scranton WB 5 - Pawtucket 4 |
| BOTTOM OF THE 10TH |
|
Pawtucket Red Sox batting - Pitching for Scranton WB RailRiders : RHP Ricky Mercer
|
|
Pitching: RHP Ray Richards
|
|
|
Batting: SHB Gus Cruz
|
0-0: Ball 1-0: Ball 2-0: Ball 3-0: Called Strike 3-1: Base on Balls
|
|
Batting: SHB Ben Ervin
|
0-0: Bunted foul 0-1: Ball 1-1: Bunted foul 1-2: Ball 2-2: Ground out 5-3 (Groundball, 6S, EV 81.9 MPH) Gus Cruz to second
|
|
Batting: RHB Joe Evrard
|
0-0: Called Strike 0-1: Ball 1-1: Ground out U3 (Groundball, 3S, EV 88.1 MPH) Gus Cruz to third
|
|
Batting: RHB Matt Hinkle
|
0-0: Ball 1-0: Ball 2-0: Called Strike 2-1: Called Strike 2-2: Ground out 5-3 (Groundball, 5L, EV 78.8 MPH)
|
| Bottom of the 10th over - 0 runs, 0 hits, 0 errors, 1 left on base; Scranton WB 5 - Pawtucket 4 |
|